Map: Ulrena

Players

Miszu

  • Race: Terran Terran
  • League: Diamond

avilo - Winner!

  • Race: Terran Terran
  • League: Grandmaster

VOD

Have the link to the VOD?

Description

Time

  • Played on: March 25, 2016, 5:29 p.m.
  • Length: 8:39
Show
View Real Time Build Order
Export as new Build Order

Miszu Terran 

Build Orders: 1/1/1, Mech 

Get SALT Encoding   

  12  0:00  SCV  
  13  0:13  SCV  
  14  0:17  Supply Depot  
  14  0:25  SCV  
  14  0:28  Refinery  
  15  0:39  SCV  
  16  0:45  Barracks  
  16  0:51  SCV  
  17  1:02  Refinery  
  17  1:03  SCV  
  18  1:15  SCV  
  19  1:27  SCV  
  20  1:33  Factory  
  20  1:37  Reaper  
  21  1:40  Orbital Command  
  21  1:49  Supply Depot  
  21  2:05  SCV  
  22  2:09  Reaper  
  23  2:17  Starport  
  23  2:18  Hellion  
  25  2:25  Supply Depot  
  25  2:28  SCV  
  26  2:40  Hellion, SCV  
  26  2:42  Barracks Tech Lab  
  29  2:49  Supply Depot  
  29  2:52  SCV  
  28  3:09  SCV  
  28  3:11  Hellion  
  31  3:17  Raven  
  33  3:20  Barracks Reactor  
  33  3:21  SCV  
  34  3:33  Hellion  
  36  3:38  Command Center  
  36  3:40  SCV  
  37  3:52  SCV  
  38  4:01  Viking  
  40  4:04  SCV  
  41  4:16  SCV  
  41  4:20  Hellion x2  
  45  4:25  Factory  
  45  4:28  SCV  
  45  4:40  SCV  
  44  4:46  Hellion  
  44  4:52  SCV  
  47  4:54  Barracks Reactor  
  47  5:04  Hellion, SCV  
  47  5:05  Orbital Command  
  52  5:14  Viking  
  52  5:20  Infernal Pre-Igniter  
  52  5:23  Orbital Command  
  52  5:28  SCV  
  53  5:40  SCV  
  53  5:41  Supply Depot  
  54  5:43  Hellion  
  54  5:49  SCV  
  59  5:52  SCV  
  59  5:54  Hellion  
  62  5:58  Medivac  
  62  6:03  Viking, SCV  
  65  6:04  SCV  
  65  6:09  Supply Depot  
  66  6:14  Hellion x2  
  70  6:25  Supply Depot  
  70  6:30  Marine  
  70  6:31  Siege Tank, SCV x2  
  70  6:32  Armory  
  76  6:36  Hellion  
  76  6:37  Supply Depot  
  81  6:47  Hellion, SCV  
  65  7:05  Reaper  
  56  7:25  Hellion x3  
  58  7:37  Marine  
  58  7:40  SCV x2  
  58  7:42  Refinery  
  58  7:43  Refinery  
  60  7:46  Hellion  
  60  7:47  Hellion x2  
  60  7:49  Viking x2  
  60  7:50  Command Center  
  62  7:52  SCV x2  
  62  7:55  Marine  
  65  7:58  Factory  
  65  7:59  Factory  
  65  8:04  SCV x2  
  64  8:10  Hellion x2  
  68  8:16  SCV  
  72  8:21  SCV  
Show
View Real Time Build Order
Export as new Build Order

avilo Terran - Winner!

Build Orders: 1/1/1 

Get SALT Encoding   

  12  0:01  SCV  
  13  0:13  SCV  
  14  0:22  Supply Depot  
  14  0:25  SCV  
  15  0:32  Refinery  
  15  0:43  SCV  
  15  0:47  Barracks  
  16  0:55  SCV  
  17  1:02  Refinery  
  17  1:08  SCV  
  18  1:20  SCV  
  20  1:34  Orbital Command  
  20  1:38  Factory  
  19  1:42  Reaper  
  20  1:52  Supply Depot  
  20  2:00  SCV  
  21  2:12  SCV  
  22  2:17  Reaper  
  22  2:22  Starport  
  25  2:23  Hellion  
  25  2:26  SCV  
  26  2:32  Supply Depot  
  26  2:38  SCV  
  27  2:50  SCV  
  28  2:52  Hellion, Reaper  
  28  2:58  Medivac  
  30  3:07  SCV  
  31  3:17  Supply Depot  
  32  3:20  SCV  
  32  3:24  Factory Tech Lab  
  32  3:28  Starport Tech Lab  
  32  3:32  SCV  
  33  3:39  Barracks Reactor  
  33  3:43  Cyclone  
  33  3:45  SCV  
  37  3:57  SCV  
  38  4:03  Raven  
  38  4:07  Command Center  
  40  4:15  SCV  
  39  4:17  Marine x2  
  41  4:27  SCV  
  41  4:28  Siege Tank  
  43  4:32  Supply Depot  
  43  4:42  SCV  
  41  4:54  SCV  
  41  4:57  Viking  
  41  4:58  Viking  
  46  5:02  Command Center  
  46  5:03  Barracks Reactor  
  46  5:11  SCV  
  47  5:14  Engineering Bay  
  47  5:15  Hellion  
  47  5:19  Orbital Command  
  49  5:24  Factory  
  49  5:28  SCV  
  49  5:34  Viking  
  52  5:41  SCV  
  53  5:43  Missile Turret  
  53  5:44  Orbital Command  
  53  5:49  Viking  
  55  5:53  SCV  
  56  6:05  SCV  
  57  6:11  Refinery  
  57  6:12  Refinery  
  57  6:13  SCV  
  57  6:16  Viking  
  60  6:19  Viking  
  60  6:24  Orbital Command  
  64  6:25  Hellion  
  64  6:33  SCV x2  
  64  6:34  Missile Turret  
  66  6:44  Siege Tank  
  66  6:45  SCV  
  70  6:47  SCV  
  70  6:50  Hellion x2  
  71  6:58  SCV  
  60  7:08  Infernal Pre-Igniter  
  57  7:24  SCV x3  
  57  7:25  Viking x2  
  62  7:36  SCV  
  62  7:50  Hellion x2, Siege Tank  
  69  7:56  Orbital Command  
  69  8:05  Viking  
  69  8:06  Viking  
  69  8:10  Refinery  
  69  8:11  Refinery  
  69  8:12  Factory, Command Center  
  73  8:13  SCV  
  73  8:14  SCV  
Tags
 
Composition
Mech
Matchup
TvT
Opening
1/1/11/1/1
Race
Terran
Add a new tag
Caveats
  • Supply blocks, unpowered buildings, or Contaminate may cause inaccurate times.
  • Supply counts are checked every 10 seconds.